 Dungeon Crawl Stone Soup version 0.31-a0-83-gbff143cfd1 (webtiles) character file.

Game seed: 13703027627973725385

550 SkeletonJelly the Grave Robber (level 7, 0/38 (50) HPs)
             Began as a Demonspawn Reaver on May 24, 2023.
             Killed from afar by Dowan (10 damage)
             ... with a stone arrow
             ... on level 4 of the Dungeon.
             The game lasted 00:05:27 (3935 turns).

SkeletonJelly the Grave Robber (Demonspawn Reaver)  Turns: 3935, Time: 00:05:28

HP:   0/38 (50)     AC:  7    Str: 12    XL:     7   Next: 7%
MP:   5/10          EV: 11    Int: 22    God:
Gold: 185           SH:  0    Dex: 12    Spells: 9/10 levels left

rFire   . . .        a - +0 spear
rCold   . . .        (no shield)
rNeg    . . .        b - +0 leather armour
rPois   .            (no helmet)
rElec   .            l - +0 cloak
rCorr   .            n - +0 pair of gloves
SInv    .            (no boots)
Will    +....        (no amulet)
Stlth   +            s - ring of willpower
HPRegen 0.26/turn    t - +6 ring of intelligence
MPRegen 0.12/turn

%: no passive effects
@: very slightly contaminated, heavily drained
A: hooves 1, yellow scales 1, icemail 1, spiny 1, condensation shield
a: no special abilities


You were on level 4 of the Dungeon.
You visited 1 branch of the dungeon, and saw 5 of its levels.

You collected 324 gold pieces.
You spent 139 gold pieces at shops.

Inventory:

Hand Weapons
 a - a +0 spear (weapon)
Missiles
 i - 4 curare-tipped darts
 p - 8 poisoned darts
Armour
 b - a +0 leather armour (worn)
 l - a +0 cloak (worn)
 n - a +0 pair of gloves (worn)
Jewellery
 s - a ring of willpower (left hand)
 t - a +6 ring of intelligence (right hand)
Scrolls
 c - 4 scrolls of teleportation {unknown}
 d - a scroll of magic mapping {unknown}
 e - 2 scrolls of blinking {unknown}
 f - 4 scrolls of identify {unknown}
 h - a scroll of fog {unknown}
 k - a scroll of immolation {unknown}
 m - a scroll of noise {unknown}
 u - a scroll of enchant weapon {unknown}
Potions
 g - a potion of curing
 j - a potion of mutation {unknown}
 o - a potion of enlightenment {unknown}
 q - a potion of lignification {unknown}
 r - a potion of resistance {unknown}
 v - a potion of degeneration {unknown}


   Skills:
 - Level 2.0 Fighting
 + Level 5.5 Polearms
 - Level 1.7 Dodging
 - Level 2.0 Spellcasting
 - Level 3.0 Conjurations
 + Level 5.6 Necromancy


You had 9 spell levels left.
You knew the following spells:

 Your Spells              Type           Power      Damage    Failure   Level
a - Kiss of Death         Conj/Necr      80%        2d11      3%          1

Your spell library contained the following spells:

 Spells                   Type           Power      Damage    Failure   Level
 Momentum Strike          Conj/Tloc      14%        3d8       16%         2
 Hailstorm                Conj/Ice       7%         3d4       30%         3


Dungeon Overview and Level Annotations

Branches:
Dungeon (5/15)
 Temple: D:4-7

Altars:
Cheibriados
Dithmenos
Nemelex Xobeh
Uskayaw
Yredelemnul

Shops:
D:2 [

Annotations:
D:4 Dowan


Innate Abilities, Weirdness & Mutations

You have large cloven feet.
You are partially covered in yellow scales. (AC +2)
A meltable icy envelope protects you from harm. (AC +0)
You are partially covered in sharp spines.
A meltable shield of frost defends you. (SH +0)


Message History

No target in view!
Health restored: 44 Key pressed, stopping explore.
Key pressed, stopping explore.
A hound comes into view.
The hound barks!
A hound is nearby!
A hound is nearby!
A hound is nearby!
A hound is nearby!
You block the hound's attack.
You hit the hound but do no damage. Your kick misses the hound.
You block the hound's attack.
You hit the hound. Your kick misses the hound.
The hound is moderately wounded.
The hound is struck by your spines. The hound misses you.
The hound barely misses you.
You hit the hound but do no damage. Your kick misses the hound.
The hound is heavily wounded.
The hound is struck by your spines. The hound closely misses you.
You hit the hound. You kick the hound.
You kill the hound!
No target in view!
No target in view!
No target in view!
No target in view!
Key pressed, stopping explore.
There is an open door here.
Key pressed, stopping explore.
Done exploring.
Done exploring.
Done exploring.
Done exploring.
Done exploring.
Search for what [Enter for "."]? .
There is a stone staircase leading down here.
You climb downwards.
Duvessa shouts!
Dowan shouts!
You hear a shout!
Found an escape hatch in the ceiling.
There is a stone staircase leading up here.
Duvessa hits you but does no damage.
Dowan zaps a wand.
The puff of flame misses you.
You climb upwards.
There is a stone staircase leading down here.
Dowan attacks as you move away! Dowan barely misses you.
Duvessa hits you with a +2 short sword of electrocution!
You are electrocuted!
You take 24 damage, and have 20/44 hp.
MASSIVE DAMAGE!!
Duvessa hits you with a +2 short sword of electrocution.
Dowan zaps a wand.
The puff of flame hits you!
Your icy defences dissipate!
* * * LOW HITPOINT WARNING * * *
You take 8 damage, and have 12/44 hp.
Casting: Kiss of Death (safe; 3% risk of failure)
Confirm with . or Enter, or press ? or * to list all spells.
Aiming: Kiss of Death (safe; 3% risk of failure)
Press: ? - help, Shift-Dir - straight line, f - Duvessa
Aim: Duvessa, wielding a +2 short sword of electrocution and wearing a +0 leather armour (100% to hit)
The negative energy hits Duvessa!
Duvessa is drained!
Duvessa is heavily wounded.
You feel drained.
Duvessa hits you with a +2 short sword of electrocution!
* * * LOW HITPOINT WARNING * * *
You take 7 damage, and have 5/37 hp.
You now have 8/9 mp.
Casting: Kiss of Death (safe; 3% risk of failure)
Confirm with . or Enter, or press ? or * to list all spells.
Aiming: Kiss of Death (safe; 3% risk of failure)
Press: ? - help, Shift-Dir - straight line, f/p - Duvessa
Aim: Duvessa, wielding a +2 short sword of electrocution and wearing a +0 leather armour (heavily wounded, lightly drained, 100% to hit)
The negative energy hits Duvessa!
Duvessa is drained!
Duvessa is almost dead.
You feel drained. Duvessa misses you.
You now have 7/9 mp.
Casting: Kiss of Death (safe; 3% risk of failure)
Confirm with . or Enter, or press ? or * to list all spells.
Aiming: Kiss of Death (safe; 3% risk of failure)
Press: ? - help, Shift-Dir - straight line, f/p - Duvessa
Aim: Duvessa, wielding a +2 short sword of electrocution and wearing a +0 leather armour (almost dead, heavily drained, 100% to hit)
The negative energy hits Duvessa!
Duvessa is drained!
You kill Duvessa!
Dowan screams, "No!
No!"
Dowan seems to find hidden reserves of power!
You feel drained.
Dowan zaps a wand.
The puff of flame hits you.
* * * LOW HITPOINT WARNING * * *
You have reached level 7!
You take 1 damage, and have 4/38 hp.
You now have 6/10 mp.
It was a potion of curing.
You feel better.
Dowan zaps a wand.
The puff of flame misses you.
You regained 6 hp, and now have 10/38 hp.
Casting: Kiss of Death (safe; 3% risk of failure)
Confirm with . or Enter, or press ? or * to list all spells.
Aiming: Kiss of Death (safe; 3% risk of failure)
Press: ? - help, Shift-Dir - straight line, f - Dowan
Aim: Dowan, wielding a +0 dagger, wearing a +2 robe of positive energy and carrying a wand of flame (17) (fast, 100% to hit)
You miscast Kiss of Death.
You are very lightly contaminated with residual magic.
Nothing appears to happen.
Dowan gestures at you while chanting. The stone arrow hits you!
You die...

..####......##.#.#..###..........
............##.#.#....'..........
###.#######.##.#(##.###..........
#.##### #.##.#.##.# ########..#
#.....###.##.#.##.# #..##
#####...#.#.......# #..##
###.#.####.#### ###..##
#.#.####.# ##....## #.....##@#
#######..##.## ###.#..#e#
#.......###.## #.##...###.#######
#.## #.####.....# #... #.#
#>################ #.#
##................ #.#
#.############### #.# #.# #.# #.#


You could see Dowan (fast).

Vanquished Creatures
  Duvessa (D:4)
  4 hounds
  Jessica (D:2)
  Natasha (thrice) (D:3)
  An orc wizard (D:3)
  4 gnolls
  7 adders
  2 dart slugs (D:1)
  9 orcs
  10 endoplasms
  6 giant cockroaches
  15 goblins
  10 hobgoblins
  4 jackals (D:1)
  5 kobolds
  A quokka (D:4)
  11 ball pythons
  3 bats
  A frilled lizard (D:2)
  A rat (D:3)
99 creatures vanquished.

Notes
Turn   | Place    | Note
-------+----------+-------------------------------------------
     0 | D:1      | SkeletonJelly the Demonspawn Reaver began the quest for the
                  | Orb.
     0 | D:1      | Reached XP level 1. HP: 16/16 MP: 3/3
    46 | D:1      | Reached skill level 1 in Necromancy
   176 | D:1      | Gained mutation: You have large cloven feet. [demonic
                  | ancestry]
   176 | D:1      | Reached XP level 2. HP: 10/22 MP: 5/5
   440 | D:1      | Gained mutation: You are partially covered in sharp spines.
                  | [demonic ancestry]
   440 | D:1      | Reached XP level 3. HP: 25/27 MP: 6/6
   890 | D:2      | Found Jixuf's Antique Armour Shop.
  1123 | D:2      | Noticed Jessica
  1131 | D:2      | Killed Jessica
  1132 | D:2      | Gained mutation: A meltable shield of frost defends you.
                  | (SH +0) [demonic ancestry]
  1132 | D:2      | Reached XP level 4. HP: 18/33 MP: 7/7
  1666 | D:2      | Bought a pair of gloves for 139 gold pieces
  1770 | D:2      | Gained mutation: You are partially covered in yellow
                  | scales. (AC +2) [demonic ancestry]
  1770 | D:2      | Reached XP level 5. HP: 38/38 MP: 8/8
  2210 | D:3      | Found a snail-covered altar of Cheibriados.
  2282 | D:3      | Noticed Natasha
  2290 | D:3      | Killed Natasha
  2291 | D:3      | Gained mutation: A meltable icy envelope protects you from
                  | harm. (AC +0) [demonic ancestry]
  2291 | D:3      | Reached XP level 6. HP: 41/44 MP: 9/9
  2329 | D:3      | Found a basalt altar of Yredelemnul.
  2545 | D:3      | Found a snail-covered altar of Cheibriados.
  2588 | D:3      | Found a basalt altar of Yredelemnul.
  2630 | D:3      | Noticed Natasha
  2637 | D:3      | Killed Natasha
  2726 | D:3      | Noticed Natasha
  2735 | D:3      | Killed Natasha
  3029 | D:4      | Reached skill level 5 in Polearms
  3133 | D:4      | Reached skill level 5 in Necromancy
  3161 | D:4      | Found a sparkling altar of Nemelex Xobeh.
  3167 | D:4      | Found a hide-covered altar of Uskayaw.
  3172 | D:4      | Found a shadowy altar of Dithmenos.
  3924 | D:5      | Entered Level 5 of the Dungeon
  3924 | D:5      | Noticed Duvessa
  3924 | D:5      | Noticed Dowan
  3933 | D:4      | Killed Duvessa
  3934 | D:4      | Reached XP level 7. HP: 4/38 MP: 6/10
  3935 | D:4      | Killed from afar by Dowan

Illustrated notes

Levels and vault maps discovered:
D:1:      mushboom_english_gardens, layout_basic
D:2:      cheibrodos_greedy_goblins, layout_loops_ring, serial_shops,
          nicolae_diamond_shop, chequers_mini_garden, skrybe_limestone_x,
          uniq_jessica
D:3:      layout_basic, mainiacjoe_overflow_alcove_2,
          mainiacjoe_overflow_tiny_flanked, bh_walls_and_bars, uniq_natasha
D:4:      layout_basic, minmay_overflow_temple_star_quad, minmay_box_of_dots
D:5:      layout_loops_ring, minmay_temple_entry_junction,
          nicolae_shop_sticking_my_neck_out, uniq_duvessa

Skill      XL: |  1  2  3  4  5  6 |
---------------+-------------------+-----
Necromancy     | 1 2 3 4 5 |  5.6
Polearms       | 3 4 5 |  5.5
Fighting       | |  2.0
Dodging        | |  1.7
Spellcasting   | |  2.0
Conjurations   | |  3.0

Action                     |  1- 3 |  4- 6 |  7- 9 || total
---------------------------+-------+-------+-------++-------
  Melee: Spear             |   115 |   197 |       ||   312
         Kick              |    18 |    50 |       ||    68
         Punch             |     1 |     2 |       ||     3
   Cast: Kiss of Death     |       |     3 |       ||     3
    Use: Potion            |       |       |     1 ||     1
   Stab: Sleeping          |       |     3 |       ||     3
 Armour: Leather armour    |    21 |    34 |       ||    55
  Dodge: Dodged            |    59 |    58 |     1 ||   118
  Block: Other             |       |    18 |       ||    18

Table legend: (Time is in decaauts)
 A = Elapsed time spent in this place.
 B = Non-inter-level travel time spent in this place.
 C = Inter-level travel time spent in this place.
 D = Time resting spent in this place.
 E = Time spent auto-exploring this place.
 F = Levels seen in this place.
 G = Mean time per level.
                   A        B        C        D        E       F      G
               +--------+--------+--------+--------+--------+-----+--------+
         Total |   3911 |   3737 |    174 |      0 |   3116 |   5 |  782.2 |
       Dungeon |   3911 |   3737 |    174 |      0 |   3116 |   5 |  782.2 |
               +--------+--------+--------+--------+--------+-----+--------+

Top non-repeatable levels by time:
     D:3: 1119 daAuts
     D:2: 1011 daAuts
     D:4: 976 daAuts
     D:1: 802 daAuts
     D:5: 1 daAuts
